 Dungeon Crawl Stone Soup version 0.17-a0-1979-g1c74939 (webtiles) character file.

1524 brucemayne the Cleaver (level 8, -5/70 HPs)
             Began as a Hill Orc Berserker on Oct 5, 2015.
             Was a Priest of Trog.
             Slain by a yak (8 damage)
             ... on level 7 of the Dungeon.
             The game lasted 00:07:20 (1697 turns).

brucemayne the Cleaver (Hill Orc Berserker)         Turns: 1697, Time: 00:07:21

Health: -5/70      AC: 12    Str: 22    XL:     8   Next: 84%
Magic:  8/8        EV: 16    Int:  7    God:    Trog [***...]
Gold:   123        SH:  0    Dex: 15    Spells: 0 memorised, 7 levels left

rFire  . . .     SeeInvis .     a - +0 hand axe
rCold  . . .     Clarity  .     j - +0 ring mail
rNeg   . . .     SustAt   .     (no shield)
rPois  .         Gourm    .     (no helmet)
rElec  .         Spirit   .     (no cloak)
rCorr  .         Warding  .     q - +0 pair of gloves
rMut   .         Stasis   .     (no boots)
MR     ++...                    (no amulet)
Stlth  ++........               (no ring)
                                f - +6 ring of protection

@: agile, exhausted, regenerating, slowed, very slow, very resistant to hostile
enchantments, unstealthy
A: no striking features
a: Burn Spellbooks, Berserk, Trog's Hand, Renounce Religion


You were on level 7 of the Dungeon.
You worshipped Trog.
Trog was most pleased with you.
You were very hungry.

You visited 1 branch of the dungeon, and saw 8 of its levels.

You collected 123 gold pieces.

Inventory:

Hand Weapons
 a - a +0 hand axe (weapon)
Missiles
 v - a throwing net (quivered)
 y - 8 javelins
Armour
 b - a +0 animal skin
 h - a +0 scale mail
 j - a +0 ring mail (worn)
 p - a troll hide {Purgy}
 q - a +0 pair of gloves (worn)
Jewellery
 f - a +6 ring of protection (left hand)
Scrolls
 e - 5 scrolls of identify {unknown}
 i - 2 scrolls of fog {unknown}
 k - a scroll of teleportation {unknown}
 l - 3 scrolls of fear {unknown}
 m - a scroll of remove curse {unknown}
 n - 2 scrolls of recharging {unknown}
 o - a scroll of magic mapping {unknown}
 r - a scroll of blinking {unknown}
 w - a scroll of immolation {unknown}
Books
 A - a book of Hinderance

   Spells                             Type                      Level
   a - Confusing Touch                Hexes                        2
   b - Confuse                        Hexes                        3
   c - Gell's Gravitas                Hexes/Translocation          3
   d - Petrify                        Transmutation/Earth          4
   e - Metabolic Englaciation         Hexes/Ice                    5
   Trog disapproves of the use of such an item.
Comestibles
 c - 7 bread rations
 d - a royal jelly
 t - 3 meat rations
 u - 3 chunks of flesh
 x - a beef jerky
 z - a slice of pizza


   Skills:
 + Level 6.0 Fighting
 + Level 13.0 Axes
 - Level 2.1 Armour
 - Level 1.5 Dodging


You had 7 spell levels left.
You didn't know any spells.

Dungeon Overview and Level Annotations

Branches:
Dungeon (8/15)
 Temple: D:4-7         Lair: D:8-11

Altars:
Ashenzari


Message History

* * * LOW HITPOINT WARNING * * *
Use which ability?
Your skin crawls.
You feel resistant to hostile enchantments.
You feel slightly more hungry. The yak gores you!
* * * LOW HITPOINT WARNING * * *
The yak barely misses you.
Unknown command.
Unknown command.
Read which item? (? for menu, Esc to quit)
Okay, then.
You aren't carrying any items that can be evoked.
Unknown command.
Drink which item? (? for menu, Esc to quit)
Okay, then.
Drink which item? (? for menu, Esc to quit)
It was a potion of agility.
You feel agile all of a sudden. The yak gores you!
You die...

########## #........#
#........# ##
#........####+#####...
#........##.... ..#..
#...>....##.#.##....#
#........##.#.....#.###
#.......YY@............
###########.#........#####
#.#.[......#...#.
#.#........#...#.
#####.#.....####...#.
#.......#<..#⌠.##'.#.
######..#.....#........
#..........#.###.......
#..........#...#.......


You could see 2 yaks.

Vanquished Creatures
  2 yaks (D:8)
  Edmund (D:4)
  Purgy (D:3)
  2 ogres (D:5)
  2 sky beasts
  2 giant frogs
  3 crimson imps
  A giant frog zombie (D:7)
  2 hounds
  A jelly (D:5)
  An orc wizard (D:4)
  2 iguanas
  Ijyb (D:2)
  A giant frog skeleton (D:4)
  Jessica (D:3)
  2 worker ants
  The ghost of brucemayne the Chopper, a weakling HOBe of Trog (D:4)
  A worker ant zombie (D:7)
  3 adders
  12 orcs
  2 giant cockroaches
  2 hobgoblins
  3 jackals (D:7)
  3 bats (D:1)
  3 giant geckos
  4 goblins
  A kobold (D:2)
  4 rats
64 creatures vanquished.

Notes
Turn   | Place    | Note
--------------------------------------------------------------
     0 | D:1      | brucemayne the Hill Orc Berserker began the quest for the Orb.
     0 | D:1      | Reached XP level 1. HP: 19/19 MP: 1/1
   241 | D:1      | Reached XP level 2. HP: 26/26 MP: 2/2
   375 | D:2      | Reached skill level 5 in Axes
   399 | D:2      | Noticed Ijyb
   420 | D:2      | Killed Ijyb
   420 | D:2      | Reached skill level 6 in Axes
   420 | D:2      | Reached XP level 3. HP: 28/31 MP: 3/3
   518 | D:4      | Noticed brucemayne's ghost (weakling HOBe)
   525 | D:4      | Killed brucemayne's ghost
   525 | D:4      | Reached XP level 4. HP: 39/39 MP: 4/4
   528 | D:4      | Noticed Edmund
   528 | D:4      | Acquired Trog's second power
   559 | D:2      | Noticed Jessica
   566 | D:3      | Killed Jessica
   566 | D:3      | Reached skill level 7 in Axes
   610 | D:4      | Killed Edmund
   610 | D:4      | Reached skill level 8 in Axes
   610 | D:4      | Reached XP level 5. HP: 45/45 MP: 5/5
   637 | D:3      | Reached XP level 6. HP: 38/51 MP: 6/6
   710 | D:3      | Noticed Purgy
   722 | D:3      | Killed Purgy
   722 | D:3      | Reached skill level 9 in Axes
   839 | D:5      | Entered Level 5 of the Dungeon
   845 | D:5      | Reached skill level 10 in Axes
   845 | D:5      | Reached XP level 7. HP: 57/57 MP: 7/7
  1100 | D:5      | Reached skill level 11 in Axes
  1293 | D:6      | Reached XP level 8. HP: 61/64 MP: 8/8
  1327 | D:6      | Reached skill level 12 in Axes
  1520 | D:7      | Found a shattered altar of Ashenzari.
  1658 | D:8      | Reached skill level 5 in Fighting
  1673 | D:8      | Reached skill level 13 in Axes
  1696 | D:7      | HP: 1/70 [yak (7)]
  1697 | D:7      | Slain by a yak

Vault maps used:
D:1:      dpeg_arrival_subterranean_lakeside_camping
D:2:      nicolae_ru_the_path_less_chosen, uniq_iyjb, uniq_jessica
D:3:      gammafunk_temple_overflow_wave, first_bread, st_stairs_12,
          nicolae_gozag_cash_rules_everything_around_me, uniq_purgy
D:4:      fedhas_bush_and_centaur_altar, lightli_minifort, uniq_robin,
          uniq_edmund, uniq_duvessa
D:5:      minmay_misc_feat_five
D:6:      minmay_opposing_rooms, temple_doors_e
D:7:      evilmike_ruin_ashenzari
D:8:      tgw_xom, kennysheep_vampire_church, serial_shops,
          kennysheep_mini_moat, hangedman_ranch

Action                   |  1- 3 |  4- 6 |  7- 9 || total
-------------------------+-------+-------+-------++-------
Melee: Hand axe          |    61 |    51 |   216 ||   328
Invok: Berserk           |     1 |     3 |     4 ||     8
       Trog's Hand       |       |       |     2 ||     2
  Use: Potion            |       |       |     3 ||     3
  Eat: Chunk             |       |     4 |     6 ||    10
